[Event "ICC tourney 1969 (45 10)"]
[Site "Internet Chess Club"]
[Date "2020.08.22"]
[Round "2"]
[White "VishyNo1"]
[Black "sathviks"]
[Result "0-1"]
[ICCResult "White checkmated"]
[WhiteElo "2039"]
[BlackElo "2206"]
[Opening "Scandinavian (center counter) defense"]
[ECO "B01"]
[NIC "SD.01"]
[Time "13:31:34"]
[TimeControl "2700+10"]

1. e4 d5 2. exd5 Qxd5 3. Nc3 Qa5 4. d4 c6 5. Bd3 Nf6 6. Bd2 Qc7 7. Qe2 Bg4
8. f3 Bh5 9. O-O-O Nbd7 10. Nh3 e6 11. Nf4 Bg6 12. Nxg6 hxg6 13. g3 O-O-O
14. Ne4 Nxe4 15. fxe4 e5 16. Rhf1 f6 17. c3 Kb8 18. h4 exd4 19. cxd4 Bd6 20.
Qg4 c5 21. Kb1 cxd4 22. Rc1 Qb6 23. Bf4 Bxf4 24. gxf4 Nc5 25. Rfd1 Na4 26.
Rd2 Nc3+ 27. Ka1 Nxa2 28. Rcd1 Qa5 29. Kb1 Nb4 30. Bc4 Rc8 31. Bb3 d3 32.
Qxg6 Rc6 33. Qxg7 Rhc8 34. Bd5 Qa1+ 35. Kxa1 Rc1+ 36. Rxc1 Rxc1#
{White checkmated}
0-1

[Event "ICC tourney 1969 (45 10)"]
[Site "Internet Chess Club"]
[Date "2020.08.22"]
[Round "2"]
[White "orwind"]
[Black "ITOT"]
[Result "0-1"]
[ICCResult "White resigns"]
[WhiteElo "1278"]
[BlackElo "1429"]
[Opening "Ruy Lopez: exchange variation, Alapin gambit"]
[ECO "C68"]
[NIC "RL.08"]
[Time "13:31:36"]
[TimeControl "2700+10"]

1. e4 e5 2. Nf3 Nc6 3. Bb5 a6 4. Bxc6 dxc6 5. O-O Bg4 6. h3 h5 7. d3 Qf6 8.
Nbd2 g5 9. Re1 Qg7 10. hxg4 hxg4 11. Nh2 Qh6 12. Ndf1 Nf6 13. Be3 O-O-O 14.
Qc1 Be7 15. Bxg5 Qh5 16. Qe3 Rdg8 17. Bxf6 Bxf6 18. Rad1 Kb8 19. c3 Bg5 20.
Qe2 Be7 21. d4 exd4 22. cxd4 Bb4 23. Qc4 Bxe1 24. Rxe1 Rg7 25. d5 Rh6 26.
Qb4 Rg8 27. Qc4 Qe5 28. Re3 Rgh8 29. g3 Rxh2 30. Nxh2 Qh5 31. dxc6 Qxh2+ 32.
Kf1 Qh1+ 33. Ke2 Qb1 34. Rb3 Rh1 35. Rxb7+ Kc8 36. Qc3 Qd1+ 37. Ke3 Qf3+ 38.
Kd4 Rd1+ 39. Kc4 Qxe4+ 40. Kb3 Rd3 41. Qxd3 Qxd3+ 42. Kb4 Qd6+ 43. Ka5 Qc5+
{White resigns}
0-1

[Event "ICC tourney 1969 (45 10)"]
[Site "Internet Chess Club"]
[Date "2020.08.22"]
[Round "2"]
[White "Luc2008"]
[Black "Monkeybomb3605"]
[Result "0-1"]
[ICCResult "White resigns"]
[WhiteElo "1562"]
[BlackElo "1943"]
[Opening "Sicilian: Canal-Sokolsky (Nimzovich-Rossolimo, Moscow) attack"]
[ECO "B51"]
[NIC "SI.01"]
[Time "13:31:26"]
[TimeControl "2700+10"]

1. e4 c5 2. Nf3 d6 3. Bb5+ Nc6 4. O-O Bd7 5. c3 a6 6. Bxc6 Bxc6 7. Re1 Nf6
8. d3 g6 9. Nbd2 Bg7 10. Nf1 O-O 11. Ng3 e5 12. d4 Qc7 13. d5 Bd7 14. Be3
Ng4 15. Qd2 f5 16. exf5 gxf5 17. Bg5 e4 18. Nh4 h6 19. Bf4 Kh7 20. Qe2 Ne5
21. Nxe4 fxe4 22. Qxe4+ Kg8 23. Bxe5 dxe5 24. Ng6 Bf5 25. d6 Bxe4 26. Ne7+
Kf7 27. dxc7 Kxe7 28. Rxe4 Kd6 29. Rae1 Kxc7 30. f4 Rae8 31. fxe5 Re6 32. b4
Rfe8 33. Rf1 Bxe5 34. Rc4 Rc6 35. bxc5 Re7 36. Rb1 Rf7 37. Rf1 Bxh2+
{White resigns}
0-1

[Event "ICC tourney 1969 (45 10)"]
[Site "Internet Chess Club"]
[Date "2020.08.22"]
[Round "2"]
[White "AkshatSuresh"]
[Black "avats"]
[Result "0-1"]
[ICCResult "White checkmated"]
[WhiteElo "1659"]
[BlackElo "1348"]
[Opening "French: Tarrasch, closed variation"]
[ECO "C05"]
[NIC "FR.17"]
[Time "13:31:31"]
[TimeControl "2700+10"]

1. e4 e6 2. d4 d5 3. Nd2 Nf6 4. e5 Nfd7 5. Bd3 c5 6. c3 Nc6 7. Ne2 Qb6 8.
Nf3 cxd4 9. cxd4 Bb4+ 10. Bd2 Bxd2+ 11. Qxd2 Qb4 12. Qxb4 Nxb4 13. Bb1 O-O
14. a3 Nc6 15. Nf4 Nb6 16. b3 Bd7 17. O-O Rfc8 18. Bd3 Rc7 19. b4 Rac8 20.
h4 Ne7 21. h5 h6 22. b5 Nc4 23. a4 a6 24. bxa6 bxa6 25. Rfb1 Kf8 26. Kf1 Ke8
27. Ke2 a5 28. Kf1 Kd8 29. g4 Nc6 30. Bxc4 dxc4 31. Rc1 Nb4 32. Rc3 Nd5 33.
Nxd5 exd5 34. Nh2 Rb7 35. f4 Rb3 36. Ra3 Bxa4 37. g5 Rxa3 38. Rxa3 c3 39.
Ra1 c2 40. Rc1 Rb8 41. Ke2 Rb1 42. Kd2 Rxc1 43. Kxc1 Bb3 44. Nf3 a4 45. Nd2
Ke7 46. gxh6 gxh6 47. Nxb3 axb3 48. Kb2 Ke6 49. Kc1 Kf5 50. e6 fxe6 51. Kb2
Kxf4 52. Kc1 e5 53. dxe5 Kxe5 54. Kb2 d4 55. Kc1 d3 56. Kd2 b2 57. Kc3 b1=Q
58. Kd2 c1=Q# {White checkmated} 0-1

[Event "ICC tourney 1969 (45 10)"]
[Site "Internet Chess Club"]
[Date "2020.08.22"]
[Round "2"]
[White "lemonoosa"]
[Black "vishalanil"]
[Result "1-0"]
[ICCResult "Black resigns"]
[WhiteElo "2065"]
[BlackElo "1641"]
[Opening "Queen's pawn: London system"]
[ECO "A45"]
[NIC "QP.07"]
[Time "13:31:27"]
[TimeControl "2700+10"]

1. d4 Nf6 2. Bf4 d5 3. e3 e6 4. Nf3 c5 5. Nbd2 Nc6 6. c3 Nh5 7. Bg5 f6 8.
Bh4 g6 9. Bd3 Bd6 10. O-O Ng7 11. dxc5 Bxc5 12. e4 dxe4 13. Nxe4 Be7 14. Re1
O-O 15. Qc2 Nf5 16. Bg3 Nxg3 17. Nxg3 f5 18. Bc4 Kf7 19. Qe2 Kg7 20. Bxe6
Bxe6 21. Qxe6 Bf6 22. Rad1 Qc8 23. Rd7+ Kh8 24. Nxf5 gxf5 25. Qxf5 Ne7 26.
Qe6 Qc6 27. Rxe7 Bxe7 28. Qxc6 bxc6 29. Rxe7 Rab8 30. b3 a5 31. h4 a4 32. b4
Rbe8 33. Ra7 Ra8 34. Rxa8 Rxa8 35. Ne5 c5 36. bxc5 Rc8 37. c6 Re8 38. Nf7+
Kg8 39. Nd6 {Black resigns} 1-0

[Event "ICC tourney 1969 (45 10)"]
[Site "Internet Chess Club"]
[Date "2020.08.22"]
[Round "2"]
[White "Priccchess"]
[Black "Rohanius"]
[Result "1-0"]
[ICCResult "Black resigns"]
[WhiteElo "1755"]
[BlackElo "1452"]
[Opening "Sicilian: accelerated fianchetto, modern variation"]
[ECO "B34"]
[NIC "SI.33"]
[Time "13:32:03"]
[TimeControl "2700+10"]

1. e4 c5 2. Nf3 Nc6 3. d4 cxd4 4. Nxd4 g6 5. Nc3 Bg7 6. Be3 Nf6 7. Nxc6 bxc6
8. e5 Ng8 9. Bd4 e6 10. Ne4 Bf8 11. Qf3 Be7 12. O-O-O Nh6 13. Nd6+ Bxd6 14.
exd6 O-O 15. Bf6 Qa5 16. g4 Qxa2 17. Qh3 Qa1+ 18. Kd2 Qa5+ 19. c3 Qc5 20.
Kc1 Qxf2 21. Bg5 Rb8 22. Bd2 Qb6 23. b4 a5 24. Bxh6 axb4 25. c4 b3 26. Qc3
b2+ 27. Kb1 f6 28. Bxf8 Qa6 29. Bd3 Qa1+ 30. Kc2 Qa2 31. Rb1 {Black resigns}
1-0

[Event "ICC tourney 1969 (45 10)"]
[Site "Internet Chess Club"]
[Date "2020.08.22"]
[Round "2"]
[White "Chris0708"]
[Black "spamazing26"]
[Result "0-1"]
[ICCResult "White checkmated"]
[WhiteElo "1255"]
[BlackElo "1672"]
[Opening "French: advance, Paulsen attack"]
[ECO "C02"]
[NIC "FR.03"]
[Time "13:31:29"]
[TimeControl "2700+10"]

1. e4 e6 2. d4 d5 3. e5 c5 4. c3 Nc6 5. Nf3 f6 6. Bb5 Bd7 7. O-O Nxe5 8.
Bxd7+ Nxd7 9. Re1 Kf7 10. Qe2 Qb6 11. b3 Re8 12. Bb2 cxd4 13. cxd4 Bb4 14.
Rd1 Nh6 15. a3 Bd6 16. b4 a5 17. b5 Rc8 18. Nc3 Rhe8 19. a4 Qa7 20. Rac1 Nb6
21. Rd3 Rc7 22. Re1 Bb4 23. Re3 Rce7 24. h3 Nf5 25. Rd3 Bxc3 26. Bxc3 Nxa4
27. Qd2 Nxc3 28. Qxc3 Nd6 29. Ra1 b6 30. Qb3 Qd7 31. Rb1 Rc8 32. g4 Rc4 33.
Qa2 Ne4 34. Re3 Nc3 35. Qb2 Nxb1 36. Qxb1 Rb4 37. Qd3 Qxb5 38. Qxb5 Rxb5 39.
Ra3 Ra7 40. Kf1 a4 41. Ke2 Rb3 42. Ra2 a3 43. Nd2 Rxh3 44. f3 Rh2+ 45. Ke3
b5 46. Ra1 Rxd2 47. Kxd2 b4 48. Kc2 e5 49. dxe5 fxe5 50. Kb3 Kf6 51. Kxb4
Rb7+ 52. Kc3 d4+ 53. Kd3 Rb3+ 54. Ke2 Rb2+ 55. Kd3 a2 56. Ke4 Re2+ 57. Kd3
Re3+ 58. Kd2 Rxf3 59. Ke2 Re3+ 60. Kf2 Ra3 61. Ke2 Kg5 62. Kf2 e4 63. Ke2 e3
64. Kf3 g6 65. Ke2 Kxg4 66. Kd1 d3 67. Kc1 Rc3+ 68. Kd1 Rb3 69. Kc1 Rb1+ 70.
Rxb1 axb1=Q+ 71. Kxb1 e2 72. Kb2 e1=Q 73. Kb3 d2 74. Kc4 d1=Q 75. Kc5 Qe5+
76. Kc4 Qdd4+ 77. Kb3 Qee3+ 78. Kc2 Qdd2+ 79. Kb1 Qee1# {White checkmated}
0-1

[Event "ICC tourney 1969 (45 10)"]
[Site "Internet Chess Club"]
[Date "2020.08.22"]
[Round "2"]
[White "Chessking2008"]
[Black "varsat"]
[Result "1-0"]
[ICCResult "Black resigns"]
[WhiteElo "2154"]
[BlackElo "1468"]
[Opening "English: Sicilian reversed"]
[ECO "A25"]
[NIC "EO.20"]
[Time "13:32:09"]
[TimeControl "2700+10"]

1. c4 e5 2. Nc3 Nc6 3. g3 Bc5 4. Bg2 f5 5. a3 d6 6. e3 Nf6 7. Nge2 O-O 8.
O-O Qe8 9. d4 Bb6 10. b4 a6 11. Bb2 Qh5 12. Nd5 e4 13. Nef4 Qxd1 14. Rfxd1
g5 15. Nxf6+ Rxf6 16. Nd5 Rf7 17. Nxb6 cxb6 18. Bf1 f4 19. d5 Ne7 20. c5 Bg4
21. cxd6 Nf5 22. Re1 fxe3 23. fxe3 Nxd6 24. h3 Bf3 25. Rac1 Rf5 26. Rc7 Rxd5
27. Rec1 Rd1 28. Rxd1 Bxd1 29. Rd7 Nf5 30. Bc4+ Kf8 31. Rf7+ Ke8 32. Rxf5
Rc8 33. Re5+ Kf8 34. Rxe4 b5 35. Bd3 Rd8 36. Rd4 Re8 37. Bxh7 Bf3 38. e4 g4
39. hxg4 Bxg4 40. e5 Bf3 41. Rf4+ Kg7 42. Rxf3 Kxh7 43. Rf7+ Kg6 44. Rxb7
Kg5 45. Kg2 Rd8 46. e6 Rd2+ 47. Kf3 Rd3+ 48. Ke2 Rd8 49. e7 Re8 50. Bd4 Kg6
51. Bc5 Kf7 {Black resigns} 1-0

[Event "ICC tourney 1969 (45 10)"]
[Site "Internet Chess Club"]
[Date "2020.08.22"]
[Round "2"]
[White "Vish1080"]
[Black "Hocky"]
[Result "1-0"]
[ICCResult "Black checkmated"]
[WhiteElo "1688"]
[BlackElo "1724"]
[Opening "Grünfeld: modern exchange variation"]
[ECO "D90"]
[NIC "GI.07"]
[Time "13:31:24"]
[TimeControl "2700+10"]

1. Nf3 Nf6 2. c4 g6 3. d4 Bg7 4. Nc3 d5 5. cxd5 Nxd5 6. e4 Nxc3 7. bxc3 O-O
8. Be2 c5 9. O-O Nc6 10. Be3 Qc7 11. d5 Ne5 12. Nxe5 Bxe5 13. f4 Bxc3 14.
Rc1 Bg7 15. Rxc5 Qd7 16. Bb5 Qd8 17. f5 b6 18. Rc2 Bd7 19. Bc6 Bxc6 20. dxc6
Qc7 21. Qd7 Rac8 22. Qxc7 Rxc7 23. Bf4 Bd4+ 24. Kh1 Rcc8 25. Rd1 Bc5 26. c7
Rfe8 27. Rd7 Kg7 28. Be5+ f6 29. Bf4 gxf5 30. exf5 Kg8 31. g3 Kf8 32. Kg2
Bd6 33. Bxd6 exd6 34. Rxd6 Ke7 35. Re6+ Kd7 36. Rxf6 Re7 37. Rfc6 Rf7 38. f6
b5 39. Kf3 b4 40. Kf4 a5 41. Kf5 a4 42. R6c4 b3 43. axb3 axb3 44. Rb2 Rxc7
45. Rxc7+ Kxc7 46. Rxb3 Kd6 47. Rd3+ Kc7 48. Ke6 Rf8 49. Ke7 Ra8 50. f7 Rb8
51. Rc3+ Kb7 52. Rb3+ Kc7 53. Rxb8 Kxb8 54. f8=Q+ Kb7 55. Qf6 Kc7 56. Qd6+
Kb7 57. Qc5 Ka6 58. Qb4 Ka7 59. Kd7 Ka8 60. Kc7 Ka7 61. Qb7# {Black
checkmated} 1-0

[Event "ICC tourney 1969 (45 10)"]
[Site "Internet Chess Club"]
[Date "2020.08.22"]
[Round "2"]
[White "funplaychess"]
[Black "blueeagle405"]
[Result "1-0"]
[ICCResult "Black resigns"]
[WhiteElo "2381"]
[BlackElo "1974"]
[Opening "Grünfeld: exchange variation"]
[ECO "D85"]
[NIC "GI.03"]
[Time "13:31:37"]
[TimeControl "2700+10"]

1. d4 Nf6 2. c4 g6 3. Nc3 d5 4. cxd5 Nxd5 5. Bd2 Bg7 6. e4 Nxc3 7. Bxc3 O-O
8. h3 c5 9. d5 Qd6 10. Nf3 e6 11. Bc4 e5 12. O-O a6 13. a4 b6 14. Re1 Nd7
15. Qd2 Bb7 16. Rab1 a5 17. Qd3 f5 18. Rbd1 f4 19. Bb5 Rf7 20. Nd2 f3 21.
Nc4 Qf6 22. Qxf3 Qe7 23. Qg4 Bc8 24. Qe6 Qf8 25. Nd6 Nf6 26. Qxf7+ Qxf7 27.
Nxf7 Kxf7 28. Bxe5 {Black resigns} 1-0

[Event "ICC tourney 1969 (45 10)"]
[Site "Internet Chess Club"]
[Date "2020.08.22"]
[Round "2"]
[White "town"]
[Black "tcao"]
[Result "1/2-1/2"]
[ICCResult "Game drawn by mutual agreement"]
[WhiteElo "2083"]
[BlackElo "1621"]
[Opening "French: Tarrasch, open variation, main line"]
[ECO "C09"]
[NIC "FR.22"]
[Time "13:31:28"]
[TimeControl "2700+10"]

1. e4 e6 2. d4 d5 3. Nd2 c5 4. exd5 exd5 5. Ngf3 Nc6 6. Bb5 Qe7+ 7. Qe2
Qxe2+ 8. Kxe2 cxd4 9. Nxd4 Bd7 10. N2f3 Bd6 11. c3 Nf6 12. Re1 O-O 13. Kf1
a6 14. Bd3 Rfe8 15. h3 Rxe1+ 16. Kxe1 Re8+ 17. Kf1 h6 18. Be3 Ne4 19. Bc2 f5
20. Bb3 Ne7 21. Rd1 f4 22. Bc1 Nc5 23. Ne2 Nxb3 24. axb3 g5 25. c4 Bf5 26.
Ne1 Be5 27. cxd5 Rd8 28. Nc3 Bxc3 29. bxc3 Rxd5 30. Rxd5 Nxd5 31. c4 Nb4 32.
Bb2 Nd3 33. Bd4 Kf7 34. Nf3 Nc1 35. b4 Ke6 36. Bg7 Bd3+ 37. Ke1 Bxc4 38.
Bxh6 Nd3+ 39. Kd2 g4 40. hxg4 Nxf2 41. Bxf4 Nxg4 42. Kc3 Kd5 43. Nd2 Be2 44.
g3 Nf6 45. Nb3 Ne4+ 46. Kb2 Bg4 47. Na5 {Game drawn by mutual agreement}
1/2-1/2

[Event "ICC tourney 1969 (45 10)"]
[Site "Internet Chess Club"]
[Date "2020.08.22"]
[Round "2"]
[White "AdityaShiv"]
[Black "jy2020"]
[Result "0-1"]
[ICCResult "White resigns"]
[WhiteElo "1565"]
[BlackElo "2234"]
[Opening "Sicilian: Canal-Sokolsky (Nimzovich-Rossolimo, Moscow) attack"]
[ECO "B51"]
[NIC "SI.01"]
[Time "13:31:25"]
[TimeControl "2700+10"]

1. e4 c5 2. Nf3 d6 3. Bb5+ Nd7 4. O-O a6 5. Bxd7+ Bxd7 6. c3 Nf6 7. Re1 e6
8. d4 cxd4 9. cxd4 d5 10. e5 Ne4 11. Nbd2 Nxd2 12. Bxd2 Be7 13. Qb3 Bc6 14.
h3 a5 15. Nh2 h5 16. Qg3 g6 17. Nf3 h4 18. Qf4 Rh5 19. Nh2 Bg5 20. Qf3 Bxd2
21. Red1 Bg5 22. Ng4 Kf8 23. Rd3 Kg7 24. Qd1 Rh8 25. a4 b5 26. Rc3 Qb6 27.
Qb3 b4 28. Rc5 Rhc8 29. Rf1 Be7 30. Qe3 Rh8 31. Qf4 Rac8 32. Re1 Qd8 33.
Rcc1 Bg5 34. Qf3 Bxc1 35. Rxc1 Qg5 36. Qf6+ Qxf6 37. exf6+ Kh7 38. Ne5 Bb7
39. Re1 Rhf8 40. Nd7 Rfd8 41. Ne5 Kg8 {White resigns} 0-1

[Event "ICC tourney 1969 (45 10)"]
[Site "Internet Chess Club"]
[Date "2020.08.22"]
[Round "2"]
[White "chessforme17"]
[Black "xiaoqixia"]
[Result "0-1"]
[ICCResult "White resigns"]
[WhiteElo "1466"]
[BlackElo "1672"]
[Opening "Petrov: Nimzovich attack"]
[ECO "C42"]
[NIC "RG.03"]
[Time "13:32:05"]
[TimeControl "2700+10"]

1. e4 e5 2. Nf3 Nf6 3. Nxe5 d6 4. Nf3 Nxe4 5. Nc3 Nxc3 6. dxc3 Be7 7. Be3
Nc6 8. Qd2 Be6 9. Bd3 Qd7 10. c4 Ne5 11. Nxe5 dxe5 12. O-O-O Qa4 13. Kb1
O-O-O 14. b3 Qa3 15. Qe2 f6 16. Bc1 Qa5 17. Bb2 h5 18. h3 g5 19. g3 h4 20.
f4 hxg3 21. fxe5 f5 22. Qf3 f4 23. Qg2 Qb6 24. Rdf1 Rh4 25. Be2 Rdh8 26. Bg4
Bxg4 27. hxg4 Qe6 28. Qf3 Rxh1 29. Rxh1 Rxh1+ 30. Qxh1 Qxg4 31. Qh8+ Kd7 32.
e6+ Qxe6 {White resigns} 0-1

[Event "ICC tourney 1969 (45 10)"]
[Site "Internet Chess Club"]
[Date "2020.08.22"]
[Round "2"]
[White "MateOnF7"]
[Black "charanreddy"]
[Result "0-1"]
[ICCResult "White resigns"]
[WhiteElo "1849"]
[BlackElo "1656"]
[Opening "Ruy Lopez: classical (Cordel) defense"]
[ECO "C64"]
[NIC "RL.01"]
[Time "13:31:27"]
[TimeControl "2700+10"]

1. e4 e5 2. Nf3 Nc6 3. Bb5 Bc5 4. O-O d6 5. c3 Bd7 6. d4 Bb6 7. Bxc6 Bxc6 8.
dxe5 dxe5 9. Nxe5 Qxd1 10. Rxd1 Bxe4 11. Re1 f5 12. Be3 Bxe3 13. Rxe3 O-O-O
14. f3 Rd1+ 15. Kf2 Nf6 16. fxe4 Nxe4+ 17. Ke2 Rg1 18. Nf3 Rxg2+ 19. Ke1
Rxb2 20. Na3 Rd8 21. h4 g6 22. Re2 Rxe2+ 23. Kxe2 Nxc3+ 24. Ke3 b5 25. Ng5
Rd7 26. Nc2 c5 27. a3 a5 28. Nf3 Kc7 29. Nce1 Nd5+ 30. Kd2 Re7 31. Nd3 Kd6
32. Re1 Rxe1 33. Ndxe1 Nb6 34. Kc3 Kd5 35. Ng5 Nc4 36. Nxh7 Nxa3 37. Nf8 b4+
38. Kb2 Nc4+ 39. Kb3 Ne5 40. Ka4 c4 41. Nc2 b3 42. Ne3+ Kd4 43. Nxf5+ gxf5
44. h5 b2 45. h6 b1=Q 46. h7 {White resigns} 0-1

[Event "ICC tourney 1969 (45 10)"]
[Site "Internet Chess Club"]
[Date "2020.08.22"]
[Round "2"]
[White "binomialfactor"]
[Black "sirking2800"]
[Result "1-0"]
[ICCResult "Black resigns"]
[WhiteElo "2202"]
[BlackElo "2003"]
[Opening "King's Indian: Petrosian system"]
[ECO "E92"]
[NIC "KI.17"]
[Time "13:31:27"]
[TimeControl "2700+10"]

1. d4 Nf6 2. c4 g6 3. Nc3 Bg7 4. e4 d6 5. Nf3 O-O 6. Be2 e5 7. d5 Na6 8. Bg5
Nc5 9. Nd2 a5 10. O-O h6 11. Be3 Bd7 12. b3 Ne8 13. Rb1 f5 14. f3 f4 15. Bf2
Qg5 16. Kh1 h5 17. Qe1 Nf6 18. a3 b6 19. b4 axb4 20. axb4 Nb7 21. Nb3 Qh6
22. c5 bxc5 23. bxc5 Na5 24. Nxa5 Rxa5 25. c6 Bc8 26. Nb5 Ra2 27. Bc4 Rc2
28. Bb3 Rxf2 29. Rxf2 Ng4 30. fxg4 hxg4 31. g3 Rf7 32. Qg1 Bf6 33. Rbf1 Bg5
34. Ra1 Qh7 35. Bc4 fxg3 36. Rxf7 Kxf7 37. Nxd6+ cxd6 38. Ra7+ Be7 39. Rxe7+
{Black resigns}
1-0

[Event "ICC tourney 1969 (45 10)"]
[Site "Internet Chess Club"]
[Date "2020.08.22"]
[Round "2"]
[White "Adhvaith0406"]
[Black "vyomvidy"]
[Result "0-1"]
[ICCResult "White resigns"]
[WhiteElo "1991"]
[BlackElo "2251"]
[Opening "Ruy Lopez: closed, Averbach variation"]
[ECO "C87"]
[NIC "RL.16"]
[Time "13:31:40"]
[TimeControl "2700+10"]

1. e4 e5 2. Nf3 Nc6 3. Bb5 a6 4. Ba4 Nf6 5. O-O Be7 6. Re1 d6 7. c3 Bg4 8.
h3 Bh5 9. d4 b5 10. Bb3 Bxf3 11. Qxf3 exd4 12. Qg3 Kf8 13. Bd5 Nxd5 14. exd5
Bh4 15. Qg4 Ne5 16. Qxd4 Bf6 17. Qd1 Qd7 18. Be3 Nc4 19. b3 Nxe3 20. Rxe3 g6
21. Nd2 Kg7 22. Qe2 Rhe8 23. Re1 Rxe3 24. Qxe3 Qf5 25. Ne4 Qxd5 26. Nxf6
Kxf6 27. Qe7+ Kg7 28. Qxc7 Qd2 29. Re7 Rf8 30. b4 Qxa2 31. Qxd6 Qa1+ 32. Kh2
Qxc3 33. Ra7 Re8 34. Rxa6 Re6 {White resigns} 0-1

[Event "ICC tourney 1969 (45 10)"]
[Site "Internet Chess Club"]
[Date "2020.08.22"]
[Round "2"]
[White "SunnyDays0"]
[Black "serafindelapaz"]
[Result "0-1"]
[ICCResult "White resigns"]
[WhiteElo "1296"]
[BlackElo "1670"]
[Opening "Grünfeld with Bf4 & e3"]
[ECO "D93"]
[NIC "QP.08"]
[Time "13:31:47"]
[TimeControl "2700+10"]

1. d4 d5 2. Bf4 Nf6 3. e3 g6 4. Nf3 Bg7 5. c4 O-O 6. Nc3 c5 7. Be2 Nc6 8.
O-O dxc4 9. Bxc4 Nd7 10. d5 Na5 11. Bd3 a6 12. e4 b5 13. e5 Nb6 14. Be4 Bb7
15. b3 Rc8 16. Qd2 b4 17. Na4 Nxa4 18. bxa4 e6 19. Bg5 Qb6 20. Rab1 Nc4 21.
Qf4 exd5 22. Bd3 Qe6 23. Rfe1 Rfe8 24. Bxc4 dxc4 25. Bf6 Bxf3 26. Qxf3 Bxf6
27. Qxf6 Qxf6 28. exf6 Re6 {White resigns} 0-1

[Event "ICC tourney 1969 (45 10)"]
[Site "Internet Chess Club"]
[Date "2020.08.22"]
[Round "2"]
[White "HarleyQueen8"]
[Black "Ayushb"]
[Result "0-1"]
[ICCResult "White checkmated"]
[WhiteElo "1721"]
[BlackElo "1776"]
[Opening "QGD: exchange, positional line, 5...c6"]
[ECO "D35"]
[NIC "QO.16"]
[Time "13:31:28"]
[TimeControl "2700+10"]

1. d4 d5 2. c4 e6 3. Nc3 Nf6 4. cxd5 exd5 5. Bg5 c6 6. e3 Bf5 7. Qf3 Bg6 8.
Bxf6 Qxf6 9. Qxf6 gxf6 10. Nf3 Nd7 11. Rc1 Bd6 12. Be2 O-O 13. Kd2 Nb6 14.
b3 a5 15. a4 Bb4 16. Bd3 Nc8 17. Ke2 Nd6 18. Nd2 Nf5 19. h4 Nxd4+ 20. exd4
Rfe8+ 21. Be4 dxe4 22. g4 h6 23. h5 Bh7 24. Nc4 Rad8 25. Rhd1 f5 26. gxf5
Bxf5 27. Rg1+ Kh7 28. Ne3 Bc8 29. Rgd1 f5 30. f3 f4 31. Ng2 exf3+ 32. Kxf3
Rg8 33. Rd3 Rg3+ 34. Ke2 Re8+ 35. Kf2 Rxd3 36. Nb1 Rxd4 37. Nh4 Bg4 38. Nf3
Bxf3 39. Kxf3 Re3+ 40. Kf2 Rxb3 41. Kf1 Rb2 42. Kg1 f3 43. Kf1 Rh4 44. Kg1
Rxb1 45. Rxb1 Bc5+ 46. Kf1 Rh1# {White checkmated} 0-1

[Event "ICC tourney 1969 (45 10)"]
[Site "Internet Chess Club"]
[Date "2020.08.22"]
[Round "2"]
[White "RagingKnightNC"]
[Black "slolla"]
[Result "1/2-1/2"]
[ICCResult "Game drawn by mutual agreement"]
[WhiteElo "1692"]
[BlackElo "1779"]
[Opening "Sicilian: Grand Prix attack"]
[ECO "B21"]
[NIC "SI.48"]
[Time "13:31:30"]
[TimeControl "2700+10"]

1. e4 c5 2. f4 d6 3. Nf3 Nc6 4. Bb5 Bd7 5. O-O g6 6. c3 Bg7 7. d3 e6 8. Qe2
Nge7 9. Be3 O-O 10. Nbd2 a6 11. Ba4 Rc8 12. Bc2 b5 13. e5 dxe5 14. Bxc5 exf4
15. Ne4 Na5 16. Qf2 Nb7 17. Bb6 Qe8 18. Nc5 Nxc5 19. Bxc5 Nd5 20. Bxf8 Qxf8
21. Bb3 Ne3 22. Rfe1 b4 23. Rac1 bxc3 24. bxc3 Bxc3 25. Nd2 Bd4 26. Nf3 Bc3
27. Nd2 Qb4 28. Re2 Bb5 29. Nc4 Nxc4 30. dxc4 Bxc4 31. Re4 e5 32. Kh1 Bd4
33. Rxd4 exd4 34. Qxd4 Re8 35. Rf1 Qxb3 36. axb3 Bxf1 37. Qxf4 Bc4 38. h4
Bxb3 39. g4 Re1+ 40. Kh2 Bd5 41. Qg5 Be6 42. h5 Re2+ 43. Kh3 h6 44. Qxh6
gxh5 45. Qg5+ Kf8 46. Qxh5 Re4 47. Qc5+ Kg8 {Game drawn by mutual agreement}
1/2-1/2

[Event "ICC tourney 1969 (45 10)"]
[Site "Internet Chess Club"]
[Date "2020.08.22"]
[Round "2"]
[White "happyscientist"]
[Black "kgeisenman32"]
[Result "1-0"]
[ICCResult "Black checkmated"]
[WhiteElo "1703"]
[BlackElo "1301"]
[Opening "Sicilian: Alapin's variation (2.c3)"]
[ECO "B22"]
[NIC "SI.46"]
[Time "13:31:32"]
[TimeControl "2700+10"]

1. e4 c5 2. c3 d6 3. d4 cxd4 4. cxd4 g6 5. Nc3 Bg7 6. Nf3 Nf6 7. Bc4 O-O 8.
O-O Nc6 9. d5 Na5 10. Bd3 b6 11. h3 Nb7 12. Be3 Nc5 13. Bc2 Bb7 14. Qd2 Rc8
15. Rac1 a6 16. a3 b5 17. b4 Ncd7 18. Ne2 Nb6 19. Bd3 Nc4 20. Bxc4 bxc4 21.
Ng3 Qd7 22. Rc3 e6 23. dxe6 Qxe6 24. Nd4 Nxe4 25. Nxe4 Qxe4 26. f3 Qe7 27.
Rfc1 d5 28. R3c2 Rfe8 29. Bf2 Qd7 30. Ne2 Rcd8 31. Bc5 Qc6 32. Nd4 Qf6 33.
Rd1 Qh4 34. Ne2 Be5 35. Bf2 Qe7 36. Bb6 Rc8 37. Nc3 Bxc3 38. Rxc3 Qe2 39.
Qc1 Qe6 40. Bd4 f5 41. Re3 Qf7 42. Bb2 Rxe3 43. Qxe3 Re8 44. Qd4 Kf8 45. a4
Re2 46. Bc3 Re6 47. b5 axb5 48. axb5 Ke8 49. Bb4 h5 50. Qh8+ Kd7 51. Qb8 Rb6
52. Re1 Rxb5 53. Re7+ Qxe7 54. Bxe7 Kxe7 55. Qe5+ Kf7 56. Qc7+ Kf6 57. Qd6+
Kg5 58. f4+ Kh6 59. Qf8+ Kh7 60. Qf7+ Kh6 61. Qg8 Rb1+ 62. Kh2 g5 63. fxg5#
{Black checkmated}
1-0

[Event "ICC tourney 1969 (45 10)"]
[Site "Internet Chess Club"]
[Date "2020.08.22"]
[Round "2"]
[White "sushmadasari"]
[Black "Ososul"]
[Result "0-1"]
[ICCResult "White resigns"]
[WhiteElo "1584"]
[BlackElo "1654"]
[Opening "French: Tarrasch, open variation"]
[ECO "C07"]
[NIC "FR.18"]
[Time "13:31:28"]
[TimeControl "2700+10"]

1. e4 e6 2. d4 d5 3. Nd2 c5 4. Ngf3 cxd4 5. Nxd4 Nc6 6. Nxc6 bxc6 7. Bd3 Bd6
8. O-O Nf6 9. Re1 Bc7 10. e5 Nd7 11. Qg4 O-O 12. Nf3 f5 13. exf6 Nxf6 14.
Qh4 Qe8 15. Ne5 c5 16. c3 Qh5 17. Qxh5 Nxh5 18. b3 Nf4 19. Bc2 Bd6 20. Bd2
Ba6 21. Bd1 Rae8 22. Bxf4 Rxf4 23. Bf3 Rf5 24. Ng4 Kf7 25. Ne3 Rf4 26. Rad1
g6 27. Rd2 d4 28. cxd4 cxd4 29. Red1 e5 30. Bd5+ Kg7 31. Nc4 Bc5 32. h3 d3
33. Rxd3 Bxf2+ 34. Kh2 Bd4 35. Re1 Rd8 36. Be4 Kf6 37. Rf3 Rxf3 38. Bxf3 Rc8
39. Bd5 Rc5 40. Bg8 h5 41. Kg3 Rc8 42. Bd5 Rd8 43. Be4 Kg5 44. Rf1 h4+ 45.
Kh2 Bc8 46. Re1 Bf2 47. Rf1 Bg3+ 48. Kg1 Bf5 49. Bxf5 gxf5 50. Rc1 e4 51.
Kf1 Kf4 52. Ke2 Kg5 53. Ne3 Bf4 54. Rf1 Bxe3 55. Kxe3 Rd3+ 56. Ke2 a5 57.
Rc1 Rd5 58. Ke3 Rd3+ 59. Ke2 a4 60. b4 Kf4 61. Rf1+ Ke5 62. Rb1 Rg3 63. Kf2
Ra3 64. Rb2 Kd6 65. b5 Kc7 66. b6+ Kb7 67. Ke2 Rg3 68. Kf2 Rg6 69. Rb4 Rxb6
70. Rxa4 Rb2+ 71. Kf1 Kb6 72. Ra3 Kb5 73. Ra8 Kc4 74. a4 Kd3 75. Rd8+ Ke3
76. Rd1 Ra2 77. Re1+ Kf4 78. Re2 Rxa4 79. Kf2 Ra3 80. Rc2 Ra1 81. Rb2 Ra3
82. Rb4 Ra2+ 83. Kf1 Rc2 84. Ra4 Ke3 85. Ra3+ Kd4 86. Ra4+ Kd3 87. Ra3+ Rc3
88. Ra1 e3 89. Rd1+ Ke4 90. Re1 f4 91. Re2 f3 92. gxf3+ Kxf3 93. Re1 Kg3 94.
Kg1 Kxh3 95. Kf1 Kg3 96. Ke2 h3 97. Rg1+ Kf4 98. Rf1+ Kg4 99. Rg1+ Kh4 100.
Rg7 Rc5 101. Rh7+ Rh5 102. Rg7 h2 {White resigns} 0-1